 Dungeon Crawl Stone Soup version 0.31.0-11-ge490571c62 (webtiles) character file.

Game seed: 14260306146241134160

74 Xavori the Trooper (level 4, 0/35 HPs)
             Began as a Djinni Chaos Knight on Jan 28, 2024.
             Was a Plaything of Xom.
             Slain by Grinder (2 damage)
             ... while paralysed by Grinder
             ... on level 3 of the Dungeon.
             The game lasted 00:02:36 (4602 turns).

Xavori the Trooper (Djinni Chaos Knight)            Turns: 4602, Time: 00:02:36

Health: 0/35       AC:  8    Str: 13    XL:     4   Next: 52%
Gold:   949        EV:  2    Int: 10    God:    Xom [..*...] SH:  0 Dex: 24

rFire   + + .        a - +0 falchion (chaos)
rCold   . . .        (no shield)
rNeg    . . .        b - +2 leather armour
rPois   ∞            k - +2 hat
rElec   .            e - +0 cloak
rCorr   .            (no gloves)
SInv    .            (boots unavailable)
Will    .....        (no amulet)
Stlth   +++          m - ring of protection from cold
HPRegen 0.25/turn    (no ring)
MPRegen 0.00/turn

%: infuse magic (-1 HP)
@: paralysed, flying
A: sickness immunity, fire resistance 2, cold vulnerability 1, float, innate
caster, HP casting, extra vitality 1, horns 1, thin skeletal structure 1, agile
2, sense surroundings 1, strong 1, inability to read after injury 1, MP-powered
wands, persistent drain
a: Renounce Religion


You were on level 3 of the Dungeon.
You worshipped Xom.
You were a toy of Xom.
You visited 1 branch of the dungeon, and saw 3 of its levels.

You collected 949 gold pieces.

Inventory:

Hand Weapons
 a - a +0 falchion of chaos (weapon)
Armour
 b - a +2 leather armour (worn)
 e - a +0 cloak (worn)
 k - a +2 hat (worn)
Jewellery
 m - a ring of protection from cold (left hand)
Scrolls
 c - a scroll of butterflies
 d - a scroll of vulnerability {unknown}
 f - a scroll of identify {unknown}
 l - a scroll of fear {unknown}
Potions
 g - a potion of ambrosia {unknown}
 h - a potion of lignification {unknown}
 i - a potion of curing {unknown}
 j - a potion of haste


   Skills:
 + Level 3.4 Fighting
 + Level 3.4 Long Blades
 + Level 1.7 Armour
 + Level 2.6 Dodging
 * Level 0.7 Spellcasting
 * Level 0.7 Conjurations
 * Level 0.7 Hexes
 * Level 0.7 Summonings
 * Level 0.7 Necromancy
 * Level 0.7 Translocations
 * Level 0.7 Fire Magic
 * Level 0.7 Ice Magic
 * Level 0.7 Air Magic
 * Level 0.7 Earth Magic
 * Level 0.7 Alchemy


You knew the following spells:

 Your Spells              Type           Power      Damage    Failure   Level
a - Magic Dart            Conj           4%         1d3       34%         1
Your spell library was empty.

Dungeon Overview and Level Annotations

Branches:
Dungeon (3/15)

Altars:

Shops:
D:1 :

Annotations:
D:3 2 runed translucent doors, Grinder; GrumpyGrim72's ghost, amateur DECj


Innate Abilities, Weirdness & Mutations

You are immune to sickness and miasma.
You are immune to poison.
Your flesh is very heat resistant. (rF++)
You are vulnerable to cold. (rC-)
You float through the air rather than walking.
You learn spells naturally, not from books.
Your magical power is your life essence.
You have superior vitality. (+4 MHP)
You have a pair of small horns on your head.
You have a somewhat thin skeletal structure. (Dex +2, Stealth+)
You are very agile. (Dex +8, Str/Int -2)
You passively map a small area around you.
Your muscles are strong. (Str +4, Int/Dex -1)
You occasionally lose the ability to read scrolls when taking damage.
You expend health (3 HP) to strengthen your wands.
Your health recovers twice as slowly from being drained.


Message History

A nearby plant withers and dies.
Grinder hits you!
You writhe in agony.
Your crimson imp blinks!
Grinder hits you but does no damage. Grinder gestures at you.
You shrug off the repeated paralysis!
Grinder hits you.
Your crimson imp blinks!
Grinder gestures at you. You resist with significant effort.
Grinder hits you but does no damage.
You can move again.
You barely miss Grinder.
Grinder is almost dead.
Grinder barely misses you. Grinder gestures at you.
You shrug off the repeated paralysis!
You closely miss Grinder.
Grinder is almost dead.
Grinder hits you!
* * * LOW HITPOINT WARNING * * *
You writhe in agony.
* * * LOW HITPOINT WARNING * * *
Grinder splashes around in the water.
You barely miss Grinder.
Grinder is almost dead.
Grinder splashes around in the water.
You closely miss Grinder.
Grinder is almost dead.
Grinder closely misses you.
Grinder splashes around in the water.
You closely miss Grinder.
Grinder is almost dead.
Grinder hits you but does no damage.
Your crimson imp hits Grinder but does no damage.
Grinder gestures at you.
You suddenly lose the ability to move!
Your crimson imp blinks!
Grinder hits you.
You die...
Grinder says, "Hey, I wasn't done torturing you yet!" "It was about time."

[..# ~PPP~PP##...# ...#
~~♣~P~.P##.### ...# , ,
~P~~~♣P~.....# .:.#
~~P~~~♣~~~PP~## ####.
*#PPPP♣~~~~P.# .....#
*##~P♣~≈≈~P~# ....##
#.~~~♣♣♣~~P## #..#######
##~~5♣≈≈~~P..#
#..>5....####~~5@≈≈♣~P.P.#
#..####.#PP~.~5♣≈55PP~P#.#
#..####.~~~~~~≈≈♣~..~.#..#
#..#....~†~♣~§~PP.P##...##
#:.#.###~P~.~~~PP###..###
#?.$,* ########.##* .##
#.. * #..., ** #.. *
####.* . ,


You could see Grinder (fast, ally target), a friendly crimson imp (summoned), 2
friendly shadow imps and a friendly ufetubus (summoned).

Vanquished Creatures
  3 adders
  2 dart slugs (D:1)
  4 endoplasms (D:1)
  2 giant cockroaches
  5 goblins
  3 hobgoblins (D:1)
  3 kobolds (D:1)
  4 quokkas
  7 ball pythons
  3 bats
  2 frilled lizards (D:1)
  3 rats (D:1)
41 creatures vanquished.

Vanquished Creatures (others)
  A frilled lizard zombie (D:1)
1 creature vanquished.

Grand Total: 42 creatures vanquished

Notes
Turn   | Place    | Note
-------+----------+-------------------------------------------
     0 | D:1      | Xavori the Djinni Chaos Knight began the quest for the Orb.
     0 | D:1      | Reached XP level 1. HP: 20/20 MP: 0/0
    39 | D:1      | Reached XP level 2. HP: 22/25 MP: 0/0
   244 | D:1      | Reached XP level 3. HP: 28/30 MP: 0/0
   244 | D:1      | Learned a level 1 spell: Magic Dart
   259 | D:1      | XOM: divination: detect creatures
   260 | D:1      | Found Viti's Book Emporium.
   338 | D:1      | XOM: god gift: stone
   568 | D:2      | XOM: stealth player
   677 | D:1      | XOM: silly message
   743 | D:1      | XOM: divination: detect creatures
   977 | D:1      | XOM: divination: detect creatures
  1182 | D:1      | XOM: cloud trail
  2151 | D:1      | XOM: give mutations
  2151 | D:1      | Gained mutation: You are dopey. (Int -2) [Xom's mischief]
  2151 | D:1      | Gained mutation: You occasionally lose the ability to read
                  | scrolls when taking damage. [Xom's mischief]
  2151 | D:1      | Lost mutation: You are dopey. (Int -2) [Xom's mischief]
  2151 | D:1      | Gained mutation: Your health recovers twice as slowly from
                  | being drained. [Xom's mischief]
  2167 | D:1      | XOM: stat loss: -1 Int (12/13)
  2223 | D:1      | XOM: noise
  2260 | D:1      | XOM: god gift: fuming ruby potion {god gift}
  2929 | D:1      | XOM: give mutations
  2929 | D:1      | Gained mutation: You expend health (3 HP) to strengthen
                  | your wands. [Xom's grace]
  2929 | D:1      | Gained mutation: Your muscles are strong. (Str +4, Int/Dex
                  | -1) [Xom's grace]
  2929 | D:1      | Gained mutation: You are agile. (Dex +4, Str/Int -1) [Xom's
                  | grace]
  2966 | D:1      | XOM: god gift: atropa-tipped dart
  3241 | D:1      | XOM: god gift: 26 gold pieces
  3320 | D:1      | XOM: noise
  3410 | D:1      | XOM: give mutations
  3410 | D:1      | Gained mutation: You are very agile. (Dex +8, Str/Int -2)
                  | [Xom's grace]
  3410 | D:1      | Gained mutation: You have a somewhat thin skeletal
                  | structure. (Dex +2, Stealth+) [Xom's grace]
  3410 | D:1      | Gained mutation: You passively map a small area around you.
                  | [Xom's grace]
  3410 | D:1      | Gained mutation: You have a pair of small horns on your
                  | head. [Xom's grace]
  3593 | D:1      | XOM: divination: magic mapping
  3750 | D:2      | Reached XP level 4. HP: 35/35 MP: 0/0
  4049 | D:2      | XOM: scenery: 1 doors open
  4090 | D:2      | XOM: god gift: 846 gold pieces
  4455 | D:3      | Noticed GrumpyGrim72's ghost (amateur DECj)
  4468 | D:3      | Noticed Grinder
  4481 | D:3      | XOM: cast spell 'Summon Small Mammal'
  4491 | D:3      | XOM: summons friendly shadow imp
  4492 | D:3      | XOM: potion effect (curing)
  4493 | D:3      | Found a runed translucent gate.
  4493 | D:3      | Found a runed translucent gate.
  4493 | D:3      | XOM: summons friendly shadow imp
  4494 | D:3      | Paralysed by Grinder for 5 turns
  4580 | D:3      | XOM: cast spell 'Alistair's Intoxication'
  4583 | D:3      | XOM: summons 2 friendly demons
  4592 | D:3      | Paralysed by Grinder for 5 turns
  4598 | D:3      | HP: 1/35 [Grinder (3)]
  4601 | D:3      | Paralysed by Grinder for 4 turns
  4602 | D:3      | Slain by Grinder

Illustrated notes

Levels and vault maps discovered:
D:1:      wander_arrival_desolate, layout_rooms, serial_shops, shop_fountains,
          kennysheep_flooded_box
D:2:      layout_basic, glass_columns_a
D:3:      layout_rooms, gammafunk_ghost_split, serial_shops, shop,
          glass_columns_b, serial_bayou_lagoon_a, uniq_grinder

Skill      XL: |  1  2 |
---------------+-------+-----
Long Blades    | 3 |  3.4
Fighting       | |  3.4
Armour         | |  1.7
Dodging        | |  2.6
Spellcasting   | |  0.7
Conjurations   | |  0.7
Hexes          | |  0.7
Summonings     | |  0.7
Necromancy     | |  0.7
Translocations | |  0.7
Fire Magic     | |  0.7
Ice Magic      | |  0.7
Air Magic      | |  0.7
Earth Magic    | |  0.7
Alchemy        | |  0.7

Action                     |  1- 3 |  4- 6 || total
---------------------------+-------+-------++-------
  Melee: Falchion          |    78 |    35 ||   113
         Headbutt          |     3 |     6 ||     9
    Use: Potion            |     1 |       ||     1
   Stab: Sleeping          |     3 |     2 ||     5
         Paralysed         |     1 |       ||     1
 Armour: Leather armour    |    62 |    17 ||    79
  Dodge: Dodged            |    48 |    16 ||    64
